 Dungeon Crawl Stone Soup version 0.21-a0-142-gdd972a7 (webtiles) character file.

178 Manul the Skirmisher (level 5, -5/41 HPs)
             Began as a Mummy Fighter on July 22, 2017.
             Was an Initiate of Gozag.
             Killed by divine providence
             ... invoked by an orc priest
              (12 damage)
             ... on level 3 of the Dungeon.
             The game lasted 00:01:57 (1728 turns).

Manul the Skirmisher (Mummy Fighter)                Turns: 1728, Time: 00:01:58

Health: -5/41      AC:  9    Str: 20    XL:     5   Next: 32%
Magic:  5/5        EV:  8    Int:  7    God:    Gozag
Gold:   190        SH: 16    Dex: 12    Spells: 4/4 levels left

rFire    x . .     SeeInvis .   d - +0 whip (elec)
rCold    + . .     Gourm    .   c - +1 shield
rNeg     + + +     Faith    .   e - +4 ring mail
rPois    ∞         Spirit   .   (no helmet)
rElec    .         Reflect  +   (no cloak)
rCorr    .         Harm     .   (no gloves)
MR       .....     Rnd*Tele +   (no boots)
Stlth    +.........             j - +6 amulet of reflection
HPRegen  0.13/turn              g - ring of teleportation (curse)
MPRegen  0.09/turn              (no ring)

@: no status effects
A: no food or potions, fire vulnerability, cold resistance 1, negative energy
resistance 3, torment resistance, unbreathing
a: Potion Petition, Call Merchant, Bribe Branch, Renounce Religion


You were on level 3 of the Dungeon.
You worshipped Gozag.
Gozag was aware of your devotion.
You were not hungry.

You visited 1 branch of the dungeon, and saw 3 of its levels.

You collected 215 gold pieces.
You paid 25 gold pieces to Gozag.

Inventory:

Hand Weapons
 a - a +0 flail
 d - a +0 whip of electrocution (weapon)
Armour
 b - a +0 scale mail
 c - a +1 shield (worn)
 e - a +4 ring mail (worn)
Jewellery
 g - a cursed ring of teleportation (left hand)
 j - a +6 amulet of reflection (around neck)
Scrolls
 f - a scroll of blinking
 h - a scroll of fog {unknown}
 i - 2 scrolls of identify {unknown}
 k - a scroll of magic mapping {unknown}
 l - 2 scrolls of enchant weapon {unknown}


   Skills:
 + Level 3.5 Fighting
 + Level 3.0 Maces & Flails
 + Level 2.9 Armour
 + Level 1.1 Dodging
 + Level 3.2 Shields


You had 4 spell levels left.
You didn't know any spells.

Dungeon Overview and Level Annotations

Branches:
Dungeon (3/15)

Altars:
Gozag


Innate Abilities, Weirdness & Mutations

You do not eat or drink.
Your flesh is vulnerable to fire.
You are immune to poison.
Your flesh is cold resistant. (rC+)
You are immune to negative energy. (rN+++)
You are immune to unholy pain and torment.
You can survive without breathing.


Message History

You are suddenly yanked towards some nearby monsters!
Your surroundings suddenly seem different.
An orc comes into view.
It is wielding a dagger of electrocution.
The orc shouts!
An orc priest comes into view. It is wielding a flail of protection.
The orc priest shouts!
An orc wizard comes into view. It is wielding a dagger.
The orc wizard shouts!
The orc wizard looks satisfied for a moment.
The orc priest invokes the aid of Beogh against you.
Beogh smites you!
* * * LOW HITPOINT WARNING * * *
You block the orc's attack.
Found a mace.
Found a stone staircase leading up.
You can't drink.
You block the orc's attack.
The orc priest calls down the wrath of Beogh upon you.
Beogh smites you!
You die...
Your body crumbles into a pile of gold.

####.# ##...#.#
### .......# #..
....#..# #.#
#####..# #.# #
..# #######.## #
#># .........#
.# .........# .#
.......@.# #.#
.........#####
#.#
......o)o....#
#.#
######o##.####
#.# #. .# #.# #.
?# ######.# #. #
.......########.
######..........


You could see an orc priest, an orc wizard and an orc.

Vanquished Creatures
  An orc priest (D:3)
  An orc wizard (D:3)
  Terence (D:2)
  4 adders
  2 worms
  3 leopard geckos
  6 orcs (D:3)
  A giant cockroach (D:3)
  6 goblins
  2 hobgoblins (D:1)
  8 jackals
  3 kobolds
  6 bats
  3 frilled lizards
  3 rats
50 creatures vanquished.

Notes
Turn   | Place    | Note
-------+----------+-------------------------------------------
     0 | D:1      | Manul the Mummy Fighter began the quest for the Orb.
     0 | D:1      | Reached XP level 1. HP: 18/18 MP: 1/1
   337 | D:1      | Reached XP level 2. HP: 24/24 MP: 2/2
   919 | D:2      | Reached XP level 3. HP: 19/29 MP: 3/3
   949 | D:2      | Noticed Terence
   953 | D:2      | Killed Terence
   970 | D:2      | Reached skill level 1 in Dodging
  1051 | D:2      | Reached XP level 4. HP: 31/35 MP: 4/4
  1256 | D:3      | Found an opulent altar of Gozag.
  1262 | D:3      | Became a worshipper of Gozag Ym Sagoz the Greedy
  1418 | D:3      | Found a faded altar of an unknown god.
  1478 | D:3      | Reached XP level 5. HP: 41/41 MP: 5/5
  1728 | D:3      | Killed from afar by an orc priest

Vault maps used:
D:1:      mrwooster_arrival_arrow
D:2:      serial_bayou_pond_a, uniq_terence
D:3:      lemuel_crystal_altar, chequers_ecumenical_altar_lobes

Skill      XL: |  1  2  3  4  5 |
---------------+----------------+-----
Maces & Flails | 2 3 |  3.0
Dodging        | 1 |  1.1
Shields        | 3 |  3.2
Fighting       | |  3.5
Armour         | |  2.9

Action                   |  1- 3 |  4- 6 || total
-------------------------+-------+-------++-------
Melee: Flail             |    43 |       ||    43
       Whip              |    45 |    80 ||   125
  Use: Scroll            |     3 |       ||     3
Armor: Scale mail        |    38 |       ||    38
       Ring mail         |     9 |    17 ||    26
Dodge: Dodged            |    34 |    14 ||    48
Block: Shield            |    54 |    44 ||    98
       Reflection        |       |     2 ||     2
